 Dungeon Crawl Stone Soup version 0.27.0-1-g7a089689b8 (webtiles) character file.

Game seed: 14466548529994906142

542 Acheron the Shield-Bearer (level 7, -5/44 HPs)
             Began as a Gargoyle Fighter on Aug 12, 2021.
             Was a Priest of Jiyva.
             Slain by an orc warrior (10 damage)
             ... on level 7 of the Dungeon.
             The game lasted 00:13:35 (5145 turns).

Acheron the Shield-Bearer (Gargoyle Fighter)        Turns: 5145, Time: 00:13:35

Health: -5/44      AC: 12    Str: 19    XL:     7   Next: 27%
Magic:  7/7        EV:  8    Int:  9    God:    Jiyva [***...]
Gold:   84         SH: 10    Dex: 11    Spells: 6/6 levels left

rFire    . . .     SeeInvis .   a - +0 war axe
rCold    . . .     Faith    .   c - +1 kite shield
rNeg     + . .     Spirit   .   b - +0 scale mail
rPois    ∞         Reflect  .   (no helmet)
rElec    +         Harm     .   (no cloak)
rCorr    +         Rampage  .   (no gloves)
Will     .....                  (no boots)
Stlth    +.........             (no amulet)
HPRegen  0.14/turn              i - ring of wizardry
MPRegen  0.10/turn              (no ring)

@: no status effects
A: sickness immunity, AC +4, negative energy resistance 1, electricity
resistance, torment resistance 1, petrification resistance, acidic bite
a: Renounce Religion, Request Jelly


You were on level 7 of the Dungeon.
You worshipped Jiyva.
Jiyva was most pleased with you.
You visited 2 branches of the dungeon, and saw 8 of its levels.

You collected 84 gold pieces.

Inventory:

Hand Weapons
 a - a +0 war axe (weapon)
 e - a +0 hunting sling of freezing
 j - a +0 flail of venom
Armour
 b - a +0 scale mail (worn)
 c - a +1 kite shield (worn)
Jewellery
 i - a ring of wizardry (left hand)
Wands
 k - a wand of flame (16)
Potions
 d - a potion of might
 f - a potion of haste {unknown}
 g - a potion of berserk rage {unknown}
 h - a potion of lignification {unknown}


   Skills:
 * Level 4.3 Fighting
 * Level 4.5 Axes
 * Level 4.4 Armour
 * Level 1.6 Dodging
 * Level 2.6 Stealth
 * Level 4.5 Shields


You had 6 spell levels left.
You didn't know any spells.
Your spell library was empty.

Dungeon Overview and Level Annotations

Branches:
Dungeon (7/15)             Temple (1/1) D:4

Altars:
Ashenzari
Cheibriados
Dithmenos
Elyvilon
Fedhas
Gozag
Kikubaaqudgha
Makhleb
Nemelex Xobeh
Qazlal
Trog
Uskayaw
Vehumet
Xom
Zin
Jiyva
Lugonu

Shops:
D:6 =


Innate Abilities, Weirdness & Mutations

You are immune to sickness and miasma.
Your stone body is resilient. (AC +4)
You are immune to poison.
You resist negative energy. (rN+)
You are resistant to electric shocks. (rElec)
You are resistant to unholy torment.
You are immune to petrification.
You have acidic saliva.


Message History

Your shield prevents you from hitting the orc priest.
The orc priest is almost dead.
The orc shouts!
You hear a shout!
You block the orc priest's attack.
You hear a shout! x2
You slash the orc warrior!
The orc warrior is heavily wounded.
You block the orc warrior's attack.
An orc warrior comes into view. It is wielding a +0 trident.
You slash the orc warrior!
The orc warrior is almost dead.
You block the orc warrior's attack.
The orc priest looks braver for a moment.
The orc warrior hits you but does no damage.
You closely miss the orc warrior.
The orc warrior is almost dead.
You block the orc warrior's attack.
You barely miss the orc warrior. You bite the orc warrior.
The orc warrior is splashed with acid.
The acid corrodes the orc warrior!
The orc warrior is almost dead.
The orc priest miscasts a cantrip.
The orc warrior hits you with a +0 dire flail. x2
You barely miss the orc warrior.
The orc warrior is almost dead.
The orc priest casts a cantrip, but nothing happens.
You block the orc warrior's attack. x2
You hit the orc warrior.
You kill the orc warrior!
The orc warrior hits you from afar with a +0 trident.
* * * LOW HITPOINT WARNING * * *
The orc warrior hits you but does no damage.
You block the orc warrior's attack.
Things that are here:
a +0 dire flail; a +0 chain mail Your shield prevents you from hitting the orc warrior.
The orc warrior hits you with a +0 trident.
* * * LOW HITPOINT WARNING * * *
You closely miss the orc warrior.
The orc warrior hits you with a +0 trident!
You die... #.# #.# #.# #.# .oo

#o# #o# #@#
# #.#
####.##.##
.........#
####.##..###
#.......#
#.##..#.# #
#.<..#
#..#.#


You could see an orc warrior, 2 orc priests and an orc.

Vanquished Creatures
  An orc warrior (D:7)
  A black bear (D:6)
  A scorpion (D:6)
  A wyvern zombie (D:6)
  2 hounds
  Crazy Yiuf (D:4)
  2 bullfrog skeletons (D:6)
  3 iguanas (D:5)
  A howler monkey skeleton (D:6)
  4 gnolls (D:5)
  4 adders
  A worm (D:3)
  A dart slug (D:2)
  An orc (D:3)
  5 bats
  An endoplasm (D:1)
  A giant cockroach (D:1)
  2 goblins (D:2)
  6 hobgoblins
  2 jackals (D:1)
  A kobold (D:2)
  2 quokkas
  2 ball pythons
  A frilled lizard (D:2)
  3 rats
50 creatures vanquished.

Vanquished Creatures (others)
  A black bear (D:5)
  3 killer bees (D:5)
  7 jellies
  An orc wizard (D:5)
  A howler monkey zombie (D:5)
  An adder (D:4)
  A white imp (D:5)
  A dart slug (D:4)
  4 orcs
  2 bats
  A giant cockroach (D:1)
  3 goblins
  A hobgoblin (D:3)
  4 jackals
  4 kobolds
  A quokka (D:1)
  3 ball pythons
  3 rats
  2 demonic plants (Temple)
  A fungus (D:4)
  A plant (D:1)
46 creatures vanquished.

Grand Total: 96 creatures vanquished

Notes
Turn   | Place    | Note
-------+----------+-------------------------------------------
     0 | D:1      | Acheron the Gargoyle Fighter began the quest for the Orb.
     0 | D:1      | Reached XP level 1. HP: 14/14 MP: 1/1
   206 | D:2      | Reached XP level 2. HP: 15/19 MP: 2/2
   288 | D:1      | Found a faded altar of an unknown god.
   296 | D:1      | Became a worshipper of Jiyva Jael the Shapeless
   296 | D:1      | Reached * piety under Jiyva
  1153 | D:2      | Reached XP level 3. HP: 23/23 MP: 3/3
  1392 | D:3      | Reached ** piety under Jiyva
  1435 | D:3      | Reached skill level 1 in Stealth
  1790 | D:4      | Found a burning altar of Makhleb.
  1804 | D:4      | Reached XP level 4. HP: 20/29 MP: 4/4
  2155 | D:4      | Reached *** piety under Jiyva
  2155 | D:4      | Gained mutation: You have acidic saliva. [Jiyva's grace]
  2593 | D:4      | Found a runed translucent door.
  2596 | D:4      | Noticed Crazy Yiuf
  2606 | D:4      | Killed Crazy Yiuf
  2913 | D:4      | Found a staircase to the Ecumenical Temple.
  2923 | Temple   | Entered the Ecumenical Temple
  3072 | D:5      | Entered Level 5 of the Dungeon
  3080 | D:5      | HP: 1/29 [iguana (9)]
  3082 | D:5      | Reached skill level 1 in Dodging
  3082 | D:5      | Reached XP level 5. HP: 1/33 MP: 5/5
  3790 | D:5      | Killed a black bear
  4269 | D:6      | Reached XP level 6. HP: 38/38 MP: 6/6
  4286 | D:6      | Found a snail-covered altar of Cheibriados.
  4411 | D:6      | Found a hide-covered altar of Uskayaw.
  4472 | D:6      | Noticed a black bear
  4478 | D:6      | Killed a black bear
  4696 | D:6      | Found Qiha Wupn's Jewellery Boutique.
  4897 | D:6      | Reached XP level 7. HP: 43/43 MP: 7/7
  4962 | D:6      | Found a shadowy altar of Dithmenos.
  5145 | D:7      | Slain by an orc warrior

Illustrated notes

Levels and vault maps discovered:
D:1:      beargit_arrival_diablo_church, layout_loops_ring,
          ebering_ecumenical_altar_hall, serial_bayou_pond_e
D:2:      layout_loops_corners
D:3:      layout_rooms, chequers_mini_garden
D:4:      layout_loops_corners, makhleb_heckhound_becter, kennysheep_little_box,
          temple_hall, uniq_crazy_yiuf_cottage
D:5:      minmay_chambers_of_fours, layout_loops_ring
D:6:      layout_loops_ring, mainiacjoe_overflow_surrounded_room,
          nicolae_uskayaw_murder_on_the_dancefloor, lemuel_round_altar,
          serial_shops, nicolae_shop_trees
D:7:      layout_loops_ring, kennysheep_orc_sif_temple
Temple:   kb_corrupted_temple

Skill      XL: |  1  2  3  4  5  6 |
---------------+-------------------+-----
Axes           | 2 3 4 |  4.5
Stealth        | 1 2 |  2.6
Dodging        | 1 |  1.6
Shields        | 4 |  4.5
Fighting       | 4 |  4.3
Armour         | 4 |  4.4

Action                   |  1- 3 |  4- 6 |  7- 9 || total
-------------------------+-------+-------+-------++-------
Melee: War axe           |    95 |   103 |    10 ||   208
       Bite              |       |    14 |     2 ||    16
  Use: Scroll            |       |     2 |       ||     2
Armor: Scale mail        |    71 |    45 |     3 ||   119
Dodge: Dodged            |    35 |    46 |       ||    81
Block: Kite shield       |    53 |    52 |     8 ||   113
